BSA
IRVINE GANG GREEN @ LOS ANGELES BRUINS
08/06/2024
 
TOP OF THE 1ST
Irvine Gang Green batting - Pitching for Los Angeles Bruins : RHP Alejandro Méndez
Pitching: RHP Alejandro Méndez
Batting: LHB Tony Tavárez 0-0: Bunt missed!
0-1: Ground out 4-3 (Groundball, 4)
Batting: LHB Jesús Campos 0-0: Ball
1-0: Foul Ball, location: 2F
1-1: Swinging Strike
1-2: Ball
2-2: Ball
3-2: Strikes out looking
Batting: LHB Víctor Quiñones 0-0: Swinging Strike
0-1: Swinging Strike
0-2: Ground out 4-3 (Groundball, 4)
Top of the 1st over - 0 run(s), 0 hit(s), 0 error(s), 0 left on base; Irvine 0 - Los Angeles 0
BOTTOM OF THE 1ST
Los Angeles Bruins batting - Pitching for Irvine Gang Green : RHP Takehide Ono
Pitching: RHP Takehide Ono
Batting: LHB David Richardson 0-0: Ball
1-0: Foul Ball, location: 2F
1-1: Called Strike
1-2: Foul Ball, location: 2F
1-2: Foul Ball, location: 2F
1-2: Ball
2-2: Ball
3-2: Fly out, F2 (Popup, 25F)
Batting: SHB Ramón Lugo 0-0: Ball
1-0: Ball
2-0: Ball
3-0: Called Strike
3-1: Base on Balls
Batting: RHB Rubén Calderón 0-0: Ball
1-0: Ball
2-0: Called Strike
2-1: Ball
3-1: Foul Ball, location: 2F
3-2: Fly out, F6 (Line Drive, 6)
Batting: LHB Richard Hunter 0-0: Ball
1-0: Ball
2-0: Ground out 6-3 (Groundball, 6)
Bottom of the 1st over - 0 run(s), 0 hit(s), 0 error(s), 1 left on base; Irvine 0 - Los Angeles 0
TOP OF THE 2ND
Irvine Gang Green batting - Pitching for Los Angeles Bruins : RHP Alejandro Méndez
Batting: RHB José García 0-0: Ball
1-0: Fly out, F4 (Popup, 4D)
Batting: LHB Leonardo Medina 0-0: Ball
1-0: Foul Ball, location: 2F
1-1: Ball
2-1: Ball
3-1: Called Strike
3-2: Base on Balls
Batting: LHB Bill Murphy 0-0: Ball
1-0: 2-RUN HOME RUN (Line Drive, 9D), Distance : 390 ft
Batting: RHB Oliver Hernández 0-0: Ball
1-0: Ball
2-0: Foul Ball, location: 2F
2-1: Ball
3-1: Base on Balls
Batting: SHB Adrián Ramírez 0-0: Ball
1-0: Ball
2-0: Foul Ball, location: 2F
2-1: Ball
3-1: Fly out, F8 (Flyball, 8LS)
Batting: RHB José Salazar 0-0: Foul Ball, location: 2F
0-1: Ball
1-1: Foul Ball, location: 2F
1-2: Foul Ball, location: 2F
1-2: Ball
2-2: Ground out 5-3 (Groundball, 5)
Top of the 2nd over - 2 run(s), 1 hit(s), 0 error(s), 1 left on base; Irvine 2 - Los Angeles 0
BOTTOM OF THE 2ND
Los Angeles Bruins batting - Pitching for Irvine Gang Green : RHP Takehide Ono
Batting: RHB Morgan Gibbon 0-0: Ball
1-0: Called Strike
1-1: Ground out 6-3 (Groundball, 6)
Batting: SHB Zach Franks 0-0: Fly out, F8 (Flyball, 8LS)
Batting: LHB José Antonio Santiago 0-0: Ball
1-0: Swinging Strike
1-1: Called Strike
1-2: TRIPLE (Flyball, 9D)
Batting: SHB Miguel González 0-0: Foul Ball, location: 2F
0-1: Ball
1-1: Fly out, F7 (Flyball, 78S)
Bottom of the 2nd over - 0 run(s), 1 hit(s), 0 error(s), 1 left on base; Irvine 2 - Los Angeles 0
TOP OF THE 3RD
Irvine Gang Green batting - Pitching for Los Angeles Bruins : RHP Alejandro Méndez
Batting: LHB Tony Tavárez 0-0: Foul Ball, location: 2F
0-1: Foul Ball, location: 2F
0-2: Ball
1-2: Strikes out looking
Batting: LHB Jesús Campos 0-0: Called Strike
0-1: Ball
1-1: Ball
2-1: Ground out 1-3 (Groundball, 15)
Batting: LHB Víctor Quiñones 0-0: Called Strike
0-1: Ball
1-1: Ball
2-1: Foul Ball, location: 2F
2-2: SOLO HOME RUN (Flyball, 7D), Distance : 381 ft
Batting: RHB José García 0-0: Called Strike
0-1: Swinging Strike
0-2: Ball
1-2: Ball
2-2: Strikes out swinging
Top of the 3rd over - 1 run(s), 1 hit(s), 0 error(s), 0 left on base; Irvine 3 - Los Angeles 0
BOTTOM OF THE 3RD
Los Angeles Bruins batting - Pitching for Irvine Gang Green : RHP Takehide Ono
Batting: RHB Mike Mills 0-0: Swinging Strike
0-1: Ball
1-1: Called Strike
1-2: Fly out, F3 (Popup, 34)
Batting: LHB David Richardson 0-0: Called Strike
0-1: Ball
1-1: Called Strike
1-2: Ball
2-2: Ball
3-2: Base on Balls
Batting: SHB Ramón Lugo 0-0: Ball
Passed Ball!
David Richardson to second
1-0: Ball
2-0: Foul Ball, location: 2F
2-1: Foul Ball, location: 2F
2-2: Foul Ball, location: 2F
2-2: Ball
3-2: SINGLE (Groundball, 34D)
David Richardson to third
Runner from 3rd tries for Home, SAFE, no throw or cutoff
Batting: RHB Rubén Calderón 0-0: Ball
1-0: Foul Ball, location: 2F
1-1: Foul Ball, location: 2F
1-2: Ball
2-2: Ball
3-2: Foul Ball, location: 2F
3-2: Foul Ball, location: 2F
3-2: Ground out 6-3 (Groundball, 6M)
Ramón Lugo to second
Batting: LHB Richard Hunter 0-0: Ball
1-0: Foul Ball, location: 2F
1-1: Called Strike
1-2: Fly out, F8 (Flyball, 89XD)
Bottom of the 3rd over - 1 run(s), 1 hit(s), 0 error(s), 1 left on base; Irvine 3 - Los Angeles 1
TOP OF THE 4TH
Irvine Gang Green batting - Pitching for Los Angeles Bruins : RHP Alejandro Méndez
Batting: LHB Leonardo Medina 0-0: Ball
1-0: Called Strike
1-1: Foul Ball, location: 2F
1-2: DOUBLE (Line Drive, 9LM)
Batting: LHB Bill Murphy 0-0: Foul Ball, location: 2F
0-1: Foul Ball, location: 2F
0-2: Ball
1-2: Foul Ball, location: 2F
1-2: Hit by Pitch
Batting: RHB Oliver Hernández 0-0: Called Strike
0-1: Swinging Strike
0-2: Ball
1-2: Foul Ball, location: 2F
1-2: Ball
2-2: Strikes out looking
Batting: SHB Adrián Ramírez 0-0: Swinging Strike
0-1: Ball
1-1: Ball
2-1: Swinging Strike
2-2: Strikes out swinging
Batting: RHB José Salazar 0-0: Ball
1-0: Foul Ball, location: 2F
1-1: Ball
2-1: SINGLE (Line Drive, 8RS)
Leonardo Medina to third
Bill Murphy to second
Runner from 3rd tries for Home, SAFE, no throw or cutoff
Batting: LHB Tony Tavárez 0-0: Ball
1-0: Foul Ball, location: 2F
1-1: Ball
2-1: Swinging Strike
2-2: Foul Ball, location: 2F
2-2: Strikes out looking
Top of the 4th over - 1 run(s), 2 hit(s), 0 error(s), 2 left on base; Irvine 4 - Los Angeles 1
BOTTOM OF THE 4TH
Los Angeles Bruins batting - Pitching for Irvine Gang Green : RHP Takehide Ono
Batting: RHB Morgan Gibbon 0-0: Ground out 6-3 (Groundball, 6)
Batting: SHB Zach Franks 0-0: Ball
1-0: Ground out 4-3 (Groundball, 4)
Batting: LHB José Antonio Santiago 0-0: Called Strike
0-1: Ground out U3 (Groundball, 3L)
Bottom of the 4th over - 0 run(s), 0 hit(s), 0 error(s), 0 left on base; Irvine 4 - Los Angeles 1
TOP OF THE 5TH
Irvine Gang Green batting - Pitching for Los Angeles Bruins : RHP Alejandro Méndez
Batting: LHB Jesús Campos 0-0: Ball
1-0: Fly out, F4 (Popup, 4)
Batting: LHB Víctor Quiñones 0-0: Called Strike
0-1: Ball
1-1: Ball
2-1: Foul Ball, location: 2F
2-2: Strikes out looking
Batting: RHB José García 0-0: Foul Ball, location: 2F
0-1: Ground out 4-3 (Groundball, 4)
Top of the 5th over - 0 run(s), 0 hit(s), 0 error(s), 0 left on base; Irvine 4 - Los Angeles 1
BOTTOM OF THE 5TH
Los Angeles Bruins batting - Pitching for Irvine Gang Green : RHP Takehide Ono
Batting: SHB Miguel González 0-0: Ground out 3-1 (Groundball, 34S)
Batting: RHB Mike Mills 0-0: Ball
1-0: Ball
2-0: Called Strike
2-1: Foul Ball, location: 2F
2-2: Ground out 4-3 (Groundball, 4)
Batting: LHB David Richardson 0-0: Ball
1-0: Fly out, F6 (Popup, 4MD)
Bottom of the 5th over - 0 run(s), 0 hit(s), 0 error(s), 0 left on base; Irvine 4 - Los Angeles 1
TOP OF THE 6TH
Irvine Gang Green batting - Pitching for Los Angeles Bruins : RHP Alejandro Méndez
Batting: LHB Leonardo Medina 0-0: Ball
1-0: Foul Ball, location: 2F
1-1: Swinging Strike
1-2: Ball
2-2: Foul Ball, location: 2F
2-2: Ball
3-2: Strikes out swinging
Batting: LHB Bill Murphy 0-0: Ball
1-0: Foul Ball, location: 2F
1-1: Swinging Strike
1-2: Foul Ball, location: 2F
1-2: Ground out 1-3 (Groundball, 23)
Batting: RHB Oliver Hernández 0-0: Ball
1-0: Foul Ball, location: 2F
1-1: Foul Ball, location: 2F
1-2: Ball
2-2: Strikes out swinging
Top of the 6th over - 0 run(s), 0 hit(s), 0 error(s), 0 left on base; Irvine 4 - Los Angeles 1
BOTTOM OF THE 6TH
Los Angeles Bruins batting - Pitching for Irvine Gang Green : RHP Takehide Ono
Batting: SHB Ramón Lugo 0-0: Called Strike
0-1: SINGLE (Groundball, 25) (infield hit)
Batting: RHB Rubén Calderón 0-0: Swinging Strike
0-1: Foul Ball, location: 2F
0-2: Foul Ball, location: 2F
0-2: Foul Ball, location: 2F
0-2: Ball
1-2: Grounds into double play, 5-4-3 (Groundball, 56)
Batting: LHB Richard Hunter 0-0: Ball
1-0: Called Strike
1-1: Ball
2-1: Ball
3-1: Called Strike
3-2: Ground out 6-3 (Groundball, 6M)
Bottom of the 6th over - 0 run(s), 1 hit(s), 0 error(s), 0 left on base; Irvine 4 - Los Angeles 1
TOP OF THE 7TH
Irvine Gang Green batting - Pitching for Los Angeles Bruins : RHP Alejandro Méndez
Pitching: RHP Mike Fisher
Batting: SHB Adrián Ramírez 0-0: Called Strike
0-1: Ground out 6-3 (Groundball, 6)
Batting: RHB José Salazar 0-0: Ball
1-0: Foul Ball, location: 2F
1-1: Swinging Strike
1-2: Ball
2-2: Strikes out looking
Batting: LHB Tony Tavárez 0-0: Ball
1-0: Called Strike
1-1: Ball
2-1: Foul Ball, location: 2F
2-2: Foul Ball, location: 2F
2-2: Ball
3-2: Strikes out swinging
Top of the 7th over - 0 run(s), 0 hit(s), 0 error(s), 0 left on base; Irvine 4 - Los Angeles 1
BOTTOM OF THE 7TH
Los Angeles Bruins batting - Pitching for Irvine Gang Green : RHP Takehide Ono
Batting: RHB Morgan Gibbon 0-0: Ball
1-0: SINGLE (Line Drive, 3)
Batting: SHB Zach Franks 0-0: Ball
1-0: Foul Ball, location: 2F
1-1: Ball
2-1: Foul Ball, location: 2F
2-2: Ball
3-2: Foul Ball, location: 2F
3-2: Strikes out swinging
Pitching: LHP José Gómez
Batting: LHB José Antonio Santiago 0-0: Called Strike
0-1: 2-RUN HOME RUN (Flyball, 9D), Distance : 376 ft
Batting: SHB Miguel González 0-0: Ball
1-0: Called Strike
1-1: Foul Ball, location: 2F
1-2: Ball
2-2: Foul Ball, location: 2F
2-2: Ball
3-2: Foul Ball, location: 2F
3-2: Ground out 6-3 (Groundball, 6M)
Batting: RHB Mike Mills 0-0: DOUBLE (Flyball, 9LM)
Batting: LHB David Richardson 0-0: Ball
1-0: Called Strike
1-1: Called Strike
1-2: Fly out, F8 (Flyball, 89S)
Bottom of the 7th over - 2 run(s), 3 hit(s), 0 error(s), 1 left on base; Irvine 4 - Los Angeles 3
TOP OF THE 8TH
Irvine Gang Green batting - Pitching for Los Angeles Bruins : RHP Mike Fisher
Batting: LHB Jesús Campos 0-0: Ball
1-0: Called Strike
1-1: Ball
2-1: Foul Ball, location: 2F
2-2: Reached on error, E6 (Groundball, 6M)
Batting: LHB Víctor Quiñones 0-0: Called Strike
0-1: Ball
1-1: Ball
2-1: Called Strike
2-2: Strikes out swinging
Batting: RHB José García 0-0: Ball
1-0: Foul Ball, location: 2F
1-1: Foul Ball, location: 2F
1-2: Foul Ball, location: 2F
1-2: Foul Ball, location: 2F
1-2: Ball
2-2: Fly out, F8 (Flyball, 8RD)
Batting: LHB Leonardo Medina 0-0: Ball
1-0: Ball
2-0: Ball
3-0: Called Strike
3-1: Base on Balls
Jesús Campos to second
Pinch Hitting: LHB Lorenzo Quintanilla 0-0: Called Strike
0-1: Ball
1-1: Foul Ball, location: 2F
1-2: Strikes out looking
Top of the 8th over - 0 run(s), 0 hit(s), 1 error(s), 2 left on base; Irvine 4 - Los Angeles 3
BOTTOM OF THE 8TH
Los Angeles Bruins batting - Pitching for Irvine Gang Green : LHP José Gómez
Pitching: RHP Lorenzo Ramos
Now at 2B: Pepe González
Batting: SHB Ramón Lugo 0-0: Called Strike
0-1: Ball
1-1: Ball
2-1: Foul Ball, location: 2F
2-2: Ball
3-2: Strikes out swinging
Batting: RHB Rubén Calderón 0-0: Swinging Strike
0-1: Swinging Strike
0-2: Ball
1-2: Strikes out looking
Pitching: RHP Jim Hendon
Batting: LHB Richard Hunter 0-0: Called Strike
0-1: Swinging Strike
0-2: Ball
1-2: Strikes out swinging
Bottom of the 8th over - 0 run(s), 0 hit(s), 0 error(s), 0 left on base; Irvine 4 - Los Angeles 3
TOP OF THE 9TH
Irvine Gang Green batting - Pitching for Los Angeles Bruins : RHP Mike Fisher
Pitching: RHP José Valdéz
Batting: RHB Oliver Hernández 0-0: Swinging Strike
0-1: Swinging Strike
0-2: Ball
1-2: Ball
2-2: Strikes out swinging
Batting: SHB Adrián Ramírez 0-0: Ball
1-0: Foul Ball, location: 2F
1-1: Ball
2-1: Ball
3-1: Swinging Strike
3-2: Ground out 3-1 (Groundball, 34)
Batting: RHB José Salazar 0-0: Ball
1-0: Called Strike
1-1: Ball
2-1: Ball
3-1: Foul Ball, location: 2F
3-2: SINGLE (Groundball, 56D)
Batting: LHB Tony Tavárez 0-0: Ground out 4-3 (Groundball, 4)
Top of the 9th over - 0 run(s), 1 hit(s), 0 error(s), 1 left on base; Irvine 4 - Los Angeles 3
BOTTOM OF THE 9TH
Los Angeles Bruins batting - Pitching for Irvine Gang Green : RHP Jim Hendon
Pitching: RHP Kuang-yin Yue
Pinch Hitting: LHB Tony Abete 0-0: Ground out 1-3 (Groundball, 25)
Batting: SHB Zach Franks 0-0: Ball
1-0: Ball
2-0: Called Strike
2-1: Swinging Strike
2-2: Strikes out swinging
Batting: LHB José Antonio Santiago 0-0: Foul Ball, location: 2F
0-1: SOLO HOME RUN (Flyball, 9LD), Distance : 384 ft
Batting: SHB Miguel González 0-0: Called Strike
0-1: Ball
1-1: Ball
2-1: Ball
3-1: Foul Ball, location: 2F
3-2: Base on Balls
Pinch Hitting: LHB Damon Mitchell 0-0: Called Strike
0-1: Ball
1-1: 2-RUN HOME RUN (Flyball, 9D), Distance : 384 ft
This league is powered by Out of the Park Baseball, the baseball management simulation game for PC, Mac and Linux
Saturday, April 9th, 2016 - OOTP Baseball 16.8 Build 38